 Dungeon Crawl Stone Soup version 0.32-a0-900-g30fb1b0edc (webtiles) character file.

Game seed: 9112316891025844168

23901 Autsider the Summoner (level 12, -11/63 HPs)
             Began as a Felid Summoner on Apr 5, 2024.
             Was a Priest of Kikubaaqudgha.
             Mangled by a boulder beetle (33 damage)
             ... on level 2 of the Lair of Beasts.
             The game lasted 00:54:10 (12876 turns).

Autsider the Summoner (Felid Summoner)             Turns: 12876, Time: 00:54:10

Health: -11/63     AC:  3    Str:  4    XL:     12   Next: 75%
Magic:  21/25      EV: 22    Int: 25    God:    Kikubaaqudgha [***...]
Gold:   508        SH:  0    Dex: 16    Spells: 5/28 levels left
                                        Lives:  0   Deaths: 4

rFire   + . .        (weapon unavailable)
rCold   + . .        (shield unavailable)
rNeg    . . .        (body armour unavailable)
rPois   .            (helmet unavailable)
rElec   .            (cloak unavailable)
rCorr   .            (gloves unavailable)
SInv    +            (boots unavailable)
Will    +....        r - amulet of magic regeneration
Stlth   ++++         v - ring of protection from fire
HPRegen 0.30/turn    (no ring)
MPRegen 0.59/turn

%: no passive effects
@: very slightly contaminated
A: very small, claws 1, fangs 3, see invisible, shaggy fur 3, stealthy paws, no
weapons or thrown items, no armour, multi-lived
a: Renounce Religion, Unearth Wretches


You were on level 2 of the Lair of Beasts.
You worshipped Kikubaaqudgha.
Kikubaaqudgha was most pleased with you.
You visited 3 branches of the dungeon, and saw 11 of its levels.
You also visited: Bailey and Ice Cave.

You collected 508 gold pieces.

Inventory:

Jewellery
 e - the Hermit's Pendant {Faith Invo=14 Evo=0 MP+5}
   (You found it on level 7 of the Dungeon)

   [amulet of faith]

   Invo=14: It sets your Invocations skill to 14.
   Evo=0: It sets your Evocations skill to 0.
   Faith:     It allows you to gain divine favour quickly.
   MP+5:      It affects your magic capacity (+5).
 r - an amulet of magic regeneration (around neck)
 v - a ring of protection from fire (left paw)
 C - a ring of flight
Talismans
 j - a granite talisman
Wands
 s - a wand of charming (20)
 t - a wand of polymorph (4)
 w - a wand of iceblast (3)
 x - a wand of mindburst (8)
Scrolls
 c - 4 scrolls of teleportation {@r2}
 h - a scroll of poison
 i - a scroll of torment
 k - 2 scrolls of amnesia
 m - 2 scrolls of fog
 n - 3 scrolls of blinking
 p - a scroll of noise
 y - 2 scrolls of identify {@r1}
 z - a scroll of silence {unknown}
 B - a scroll of fear {unknown}
 D - a scroll of immolation {unknown}
Potions
 a - 4 potions of magic
 b - 3 potions of attraction
 d - 2 potions of haste
 f - a potion of heal wounds {@q2}
 g - a potion of ambrosia {unknown}
 l - 2 potions of curing {@q1}
 o - 3 potions of resistance
 q - a potion of degeneration {unknown}
 u - a potion of mutation {unknown}
 A - 3 potions of invisibility {unknown}


   Skills:
 + Level 7.3 Fighting
 - Level 10.0 Dodging
 - Level 10.0 Stealth
 + Level 8.9 Spellcasting
 + Level 10.3 Summonings
 + Level 5.4 Necromancy
 - Level 4.0 Translocations
 - Level 5.0 Fire Magic
 - Level 5.0 Air Magic
 + Level 0.5 Earth Magic
 + Level 5.5 Shapeshifting


You had 5 spell levels left.
You knew the following spells:

 Your Spells              Type           Power      Damage    Failure   Level
a - Borgnjor's Vile Clut  Necr/Erth      13%        N/A       41%         5
b - Summon Blazeheart Go  Fire/Summ      49%        N/A       2%          4
c - Summon Lightning Spi  Summ/Air       49%        N/A       2%          4
u - Swiftness             Air            36%        N/A       2%          3
w - Animate Dead          Necr           38%        N/A       6%          4
x - Summon Small Mammal   Summ           100%       N/A       1%          1
z - Blink                 Tloc           62%        N/A       1%          2

Your spell library contained the following spells:

 Spells                   Type           Power      Damage    Failure   Level
 Kiss of Death            Conj/Necr      96%        2d12      1%          1
 Necrotise                Necr           100%       1d9       1%          1
 Call Imp                 Summ           100%       N/A       1%          2
 Lesser Beckoning         Tloc           62%        N/A       1%          2
 Sublimation of Blood     Necr           38%        N/A       1%          2
 Call Canine Familiar     Summ           58%        N/A       1%          3
 Vampiric Draining        Necr           38%        2d8       1%          3
 Volatile Blastmotes      Fire/Tloc      66%        2d15      2%          3
 Momentum Strike          Conj/Tloc      42%        3d9       3%          2
 Magic Dart               Conj           44%        1d5       5%          1
 Slow                     Hex            44%        N/A       5%          1
 Dispel Undead            Necr           38%        3d16      6%          4
 Ensorcelled Hibernation  Hex/Ice        22%        N/A       9%          2
 Passwall                 Erth           14%        N/A       13%         3
 Confusing Touch          Hex            11%        N/A       17%         3
 Curse of Agony           Necr           38%        N/A       17%         5
 Iskenderun's Mystic Bla Conj/Tloc 21%            2d6        (+2d3     24%         4
 Fulminant Prism          Conj/Alch      5%         3d7       50%         4
 Death Channel            Necr           19%        N/A       67%         6


Dungeon Overview and Level Annotations

Branches:
Dungeon (8/15)             Temple (1/1) D:6            Lair (2/5) D:8
 Bailey (visited)           IceCv (visited)
  Swamp: Lair:2-3    Shoals: Lair:2-3     Snake: Lair:2-3    Spider: Lair:2-3

Altars:
Ashenzari
Cheibriados
Dithmenos
Elyvilon
Fedhas
Kikubaaqudgha
Makhleb
Nemelex Xobeh
Okawaru
Qazlal
Ru
Sif Muna
Trog
Uskayaw
Vehumet
Wu Jian
Yredelemnul
Zin
The Shining One

Shops:
D:3 :[==

Annotations:
D:3 3 runed translucent doors, zorb987's ghost, amateur GnRe
D:4 exclusion: oklob plant
Lair:2 3 runed translucent doors


Innate Abilities, Weirdness & Mutations

You have sharp claws.
You have razor-sharp teeth.
You have supernaturally acute eyesight. (SInv)
Your thick and shaggy fur keeps you warm. (AC +3, rC+)
Your paws help you pounce on unaware monsters.
You are incapable of wielding weapons or throwing items.
You cannot wear armour.
You gain extra lives every three experience levels.


Message History

Training target 10.0 for Dodging reached!
Your Dodging skill increases to level 10!
Casting: Summon Blazeheart Golem (dangerous; 2% risk of failure)
Confirm with . or Enter, or press ? or * to list all spells.
A fiery spirit appears, bound in slag iron.
Your blazeheart golem punches the boulder beetle but does no damage.
The boulder beetle bites your blazeheart golem!
The boulder beetle waves its antennae.
The boulder beetle bites your blazeheart golem!
Your blazeheart golem punches the boulder beetle but does no damage.
The boulder beetle bites your blazeheart golem!
Your blazeheart golem falls apart, revealing its core!
Your blazeheart core explodes!
The fiery explosion engulfs the boulder beetle!
The boulder beetle leaps!
You start resting.
A boulder beetle is nearby!
Casting: Summon Blazeheart Golem (dangerous; 2% risk of failure)
Confirm with . or Enter, or press ? or * to list all spells.
A fiery spirit appears, bound in slag iron.
The boulder beetle leaps!
The boulder beetle leaps!
You see here a human skeleton.
You see here the +0 hat of the Dice {Str-4 Dex+2 Stlth+}.
The boulder beetle waves its antennae.
The boulder beetle leaps!
The boulder beetle leaps!
Your blazeheart golem disappears in a puff of smoke!
The boulder beetle curls into a ball and begins rolling!
Things that are here:
the +5 whip of Arynugie {pain, ^Fragile Int+4 Stlth+}; a boulder beetle corpse You see here the +0 hat of the Dice {Str-4 Dex+2 Stlth+}.
Casting: Summon Blazeheart Golem (dangerous; 2% risk of failure)
Confirm with . or Enter, or press ? or * to list all spells.
You miscast Summon Blazeheart Golem.
You are very lightly contaminated with residual magic.
Nothing appears to happen.
The boulder beetle hits you!!
Ouch! That really hurt!
You die...
Kikubaaqudgha rasps: You have failed me!
Welcome... death!

...##.........†...........##.####
#.......#..#....#P.P#..##......#
...##...######.##########.....##
...##...# #ß.ß# #......#
....#...# ###†## ##.....#
........# ##...## #......#
........# #.###.# #P...###
........# ##...÷# ##..######
....#...## ###.@#### ##...#..÷.
...##....# ###B..## #...[.....
#.####..÷# #○##.# ##......#. ###
##÷## ###°..# ##...÷.#.. # #÷÷#
#.○.### #..÷...... # #..# #'''#
##...÷.... # #†.## #.....
#÷........ ##÷..# ##+++##
#......... #.÷^##


☼.kkS ##.....÷#. You could see a boulder beetle (rolling).

Vanquished Creatures
  A hydra (Lair:2)
  A boulder beetle (Lair:2)
  3 death yaks (IceCv)
  Pikel (D:6)
  A wolf spider (Lair:2)
  3 elephants
  5 cane toads
  3 rime drakes
  5 komodo dragons
  Psyche (D:8)
  4 polar bears
  A jumping spider (Lair:2)
  2 blink frogs (Lair:2)
  8 yaks
  A wyvern (D:8)
  3 basilisks
  A redback (Lair:2)
  3 water moccasins
  A sky beast (D:6)
  7 wolves
  A phantom (D:7)
  A water moccasin zombie (Lair:2)
  2 killer bees (D:7)
  A howler monkey (D:7)
  A bombardier beetle (D:6)
  3 orc priests (D:7)
  An orc wizard (D:7)
  2 gnolls (D:7)
  2 adders
  A shadow imp (D:7)
  A dart slug (D:2)
  A ribbon worm (D:5)
  3 orcs
  An endoplasm (D:2)
  2 giant cockroaches
  3 goblins
  3 hobgoblins
  3 ball pythons
  2 bats (D:1)
  A frilled lizard (D:2)
  A rat (D:3)
91 creatures vanquished.

Vanquished Creatures (collateral kills)
  2 hydras (Lair:2)
  A death yak (IceCv)
  A wolf spider (Lair:2)
  An oklob plant (Lair:2)
  3 elephants (Lair:2)
  5 rime drakes
  5 blink frogs (Lair:2)
  Sigmund (D:4)
  5 yaks (Lair:1)
  A wyvern (Lair:1)
  A steam dragon (D:7)
  Menkaure (D:6)
  4 water moccasins
  4 orc warriors
  4 black bears
  2 ogres (D:5)
  A centaur (D:8)
  3 wolves (IceCv)
  A lemure (D:6)
  A phantom (D:5)
  2 kobold brigands (D:8)
  4 bullfrogs
  5 scorpions
  7 killer bees
  2 howler monkeys (D:5)
  A bombardier beetle (D:5)
  2 hounds
  2 orc priests
  Jessica (D:3)
  An iguana (D:5)
  3 sleepcaps
  Natasha (D:2)
  6 orc wizards
  Robin (D:2)
  6 adders
  4 gnolls
  A white imp (D:6)
  4 ufetubi
  4 dart slugs
  2 ribbon worms (D:2)
  41 orcs
  3 ball pythons
  2 bats (D:2)
  6 endoplasms
  4 giant cockroaches
  13 goblins
  8 hobgoblins
  5 jackals
  14 kobolds
  A quokka (D:4)
  3 rats
206 creatures vanquished.

Vanquished Creatures (others)
  Erica (Lair:1)
  A cane toad zombie (Lair:2)
  A rime drake zombie (Lair:2)
  A komodo dragon zombie (Lair:2)
  59 blazeheart cores
63 creatures vanquished.

Grand Total: 360 creatures vanquished

Notes
Turn   | Place    | Note
-------+----------+-------------------------------------------
     0 | D:1      | Autsider the Felid Summoner began the quest for the Orb.
     0 | D:1      | Reached XP level 1. HP: 9/9 MP: 4/4
   296 | D:1      | Reached XP level 2. HP: 13/13 MP: 3/6
  1187 | D:2      | Reached XP level 3. HP: 16/16 MP: 2/8
  1191 | D:2      | Learned a level 3 spell: Call Canine Familiar
  1415 | D:2      | Noticed Robin
  1527 | D:2      | Killed Robin
  1652 | D:2      | Reached XP level 4. HP: 21/21 MP: 7/9
  1652 | D:2      | Gained a life (2 lives remaining)
  1660 | D:2      | Identified the +2 robe "Dasak" {rF+ rC+ Will+}
  1724 | D:2      | Noticed Natasha
  1997 | D:2      | Killed Natasha
  1998 | D:2      | Reached skill level 5 in Summonings
  2319 | D:3      | Reached XP level 5. HP: 12/24 MP: 8/11
  2477 | D:3      | Found a runed translucent gate.
  2477 | D:3      | Found a runed translucent gate.
  2479 | D:3      | Found a runed translucent gate.
  2480 | D:3      | Noticed zorb987's ghost (amateur GnRe)
  2488 | D:3      | Found Utzan's Book Boutique.
  2505 | D:3      | Found Igataqae's Antique Armour Shoppe.
  2543 | D:3      | Found Qaolaceg's Jewellery Shoppe.
  2563 | D:3      | Noticed Jessica
  2566 | D:3      | Found Aproit's Jewellery Shop.
  2576 | D:3      | Killed Jessica
  3166 | D:4      | Gained mutation: You are covered in thick fur. (AC +2)
                  | [Felid growth]
  3166 | D:4      | Reached XP level 6. HP: 28/28 MP: 13/13
  3336 | D:4      | Identified the scarf "Beaps" {+Inv, Str+3 Dex+3}
  3410 | D:4      | Found a shimmering blue altar of Sif Muna.
  3423 | D:4      | Found a broken altar of Ashenzari.
  3460 | D:4      | Slain by a black bear
  3460 | D:4      | Lost a life (1 life remaining)
  3538 | D:4      | Learned a level 4 spell: Summon Blazeheart Golem
  3543 | D:4      | Learned a level 4 spell: Summon Lightning Spire
  3546 | D:4      | Learned a level 2 spell: Blink
  3662 | D:4      | Reached skill level 1 in Translocations
  3662 | D:4      | Reached skill level 1 in Fire Magic
  4024 | D:4      | Found a blossoming altar of Fedhas.
  4038 | D:4      | Noticed an oklob plant
  4076 | D:4      | Noticed Sigmund
  4087 | D:4      | Killed Sigmund
  4088 | D:4      | Reached skill level 5 in Spellcasting
  4088 | D:4      | Reached XP level 7. HP: 22/32 MP: 11/15
  4088 | D:4      | Gained a life (2 lives remaining)
  4419 | D:4      | Noticed a nameless horror
  4441 | D:4      | Slain by a nameless horror
  4441 | D:4      | Lost a life (1 life remaining)
  4457 | D:5      | Entered Level 5 of the Dungeon
  4609 | D:5      | You fall into a shaft and drop 1 floor!
  4623 | D:6      | Found a hide-covered altar of Uskayaw.
  4714 | D:6      | Noticed Pikel
  4735 | D:6      | Killed Pikel
  4736 | D:6      | Reached XP level 8. HP: 36/36 MP: 15/17
  4941 | D:5      | Reached skill level 1 in Fighting
  5030 | D:5      | Reached skill level 1 in Air Magic
  5757 | D:6      | Found a stormy altar of Qazlal.
  5794 | D:6      | Reached skill level 5 in Fire Magic
  5822 | D:6      | Noticed Menkaure
  5832 | D:6      | Killed Menkaure
  5833 | D:6      | Reached XP level 9. HP: 26/42 MP: 15/19
  5937 | D:6      | Found an iron altar of Okawaru.
  6103 | D:6      | Found a staircase to the Ecumenical Temple.
  6121 | Temple   | Entered the Ecumenical Temple
  6349 | D:7      | Found the Hermit's Pendant {Faith Invo=14 Evo=0 MP+5}
  6397 | D:7      | Reached skill level 1 in Shapeshifting
  6687 | D:7      | Found an ancient bone altar of Kikubaaqudgha.
  6695 | D:7      | Became a worshipper of Kikubaaqudgha
  6762 | D:7      | Found a flagged portal.
  6778 | D:7      | Reached skill level 5 in Stealth
  6787 | Bailey   | Entered a bailey
  6999 | Bailey   | Noticed an orc knight
  7044 | Bailey   | Reached skill level 5 in Dodging
  7318 | D:7      | Killed by an exploding blazeheart core
  7318 | D:7      | Lost a life (0 lives remaining)
  7398 | D:7      | Reached * piety under Kikubaaqudgha
  7398 | D:7      | Received a gift from Kikubaaqudgha
  8322 | D:8      | Noticed an elephant
  8327 | D:8      | Noticed Psyche
  8332 | D:8      | Killed an elephant
  8333 | D:8      | Reached XP level 10. HP: 49/49 MP: 18/21
  8333 | D:8      | Gained a life (1 life remaining)
  8383 | D:8      | Killed Psyche
  9352 | D:8      | Found a staircase to the Lair.
  9555 | Lair:1   | Entered Level 1 of the Lair of Beasts
  9591 | Lair:1   | Reached skill level 1 in Necromancy
  9727 | Lair:1   | Noticed a cane toad
  9736 | Lair:1   | Killed a cane toad
  9741 | Lair:1   | Noticed a cane toad
  9744 | Lair:1   | Reached ** piety under Kikubaaqudgha
  9745 | Lair:1   | Reached skill level 5 in Fighting
  9745 | Lair:1   | Reached XP level 11. HP: 55/55 MP: 18/23
  9760 | Lair:1   | Noticed Erica
  9784 | Lair:1   | Killed Erica
 10048 | Lair:1   | Learned a level 3 spell: Swiftness
 10053 | Lair:1   | Learned a level 4 spell: Animate Dead
 10101 | Lair:1   | Found a frozen archway.
 10110 | IceCv    | Entered an ice cave
 10140 | IceCv    | Noticed a death yak
 10156 | IceCv    | Killed a death yak
 10356 | IceCv    | Noticed a death yak
 10362 | IceCv    | Noticed a death yak
 10363 | IceCv    | Noticed a death yak
 10370 | IceCv    | Killed a death yak
 10379 | IceCv    | Killed a death yak
 10380 | IceCv    | Reached skill level 5 in Air Magic
 10390 | IceCv    | Killed a death yak
 11354 | Lair:2   | Gained mutation: Your thick and shaggy fur keeps you warm.
                  | (AC +3, rC+) [Felid growth]
 11354 | Lair:2   | Reached XP level 12. HP: 17/61 MP: 15/25
 11556 | Lair:2   | Noticed a seven-headed hydra
 11557 | Lair:2   | Found a runed translucent door.
 11569 | Lair:2   | Slain by a seven-headed hydra
 11569 | Lair:2   | Lost a life (0 lives remaining)
 11621 | Lair:2   | Reached *** piety under Kikubaaqudgha
 11621 | Lair:2   | Received a gift from Kikubaaqudgha
 11819 | Lair:2   | Reached skill level 10 in Summonings
 11819 | Lair:2   | Reached skill level 5 in Shapeshifting
 12178 | Lair:2   | Killed a seven-headed hydra
 12179 | Lair:2   | Reached skill level 10 in Stealth
 12210 | Lair:2   | Found the +1 robe of Vines {NoPotionHeal Regen++++}
 12224 | Lair:2   | Noticed a five-headed hydra
 12370 | Lair:2   | Noticed a seven-headed hydra
 12516 | Lair:2   | Killed a seven-headed hydra
 12517 | Lair:2   | Reached skill level 5 in Necromancy
 12693 | Lair:2   | Killed a five-headed hydra
 12808 | Lair:2   | Found a runed translucent gate.
 12809 | Lair:2   | Noticed a boulder beetle
 12810 | Lair:2   | Found a runed translucent gate.
 12810 | Lair:2   | Identified the +0 hat of the Dice {Str-4 Dex+2 Stlth+}
 12811 | Lair:2   | Found a runed translucent gate.
 12811 | Lair:2   | Found a runed translucent gate.
 12811 | Lair:2   | Found a runed translucent gate.
 12811 | Lair:2   | Identified the +5 whip of Arynugie {pain, ^Fragile Int+4
                  | Stlth+}
 12811 | Lair:2   | Noticed a boulder beetle
 12812 | Lair:2   | Found a runed translucent gate.
 12821 | Lair:2   | Learned a level 5 spell: Borgnjor's Vile Clutch
 12842 | Lair:2   | Killed a boulder beetle
 12843 | Lair:2   | Reached skill level 10 in Dodging
 12876 | Lair:2   | Mangled by a boulder beetle

Illustrated notes

Levels and vault maps discovered:
D:1:      minmay_arrival_stair_chambers, layout_basic
D:2:      layout_basic, uniq_robin, uniq_natasha
D:3:      layout_basic, gammafunk_ghost_nasty_kobolds, serial_shops, shop, shop,
          nicolae_shop_window_shopping, shop, uniq_jessica
D:4:      layout_basic, tgw_fedhas, mainiacjoe_overflow_big_doors, uniq_sigmund
D:5:      layout_loops_ring, st_stairs_9, grunt_tough_drop
D:6:      layout_basic, nicolae_uskayaw_murder_on_the_dancefloor,
          mainiacjoe_overflow_boulevard, okawaru_ov_weapons_minmay,
          temple_pool_b, uniq_menkaure, uniq_pikel
D:7:      layout_gridville, overflow_temple_1_default, enter_bailey_5
D:8:      layout_layer_cave, grunt_lair_entry_orc_guard_hut, uniq_psyche
Temple:   nicolae_temple_godzebo
Lair:1:   layout_chaotic_city, portal_ice_cave_rime, st_stairs_7,
          serial_bayou_shore_b, uniq_erica
Lair:2:   gammafunk_indiana_jones, layout_gridlike,
          hellmonk_guarded_unrand_vines

Skill      XL: |  1  2  3  4  5  6  7  8  9 10 11 12 |
---------------+-------------------------------------+-----
Spellcasting   | 3 4 5 6 7 8 |  8.9
Summonings     | 5 6 7 8 9 10 | 10.3
Translocations | 2 4 |  4.0
Fire Magic     | 2 4 5 |  5.0
Stealth        | 4 6 7 9 10 | 10.0
Dodging        | 3 5 7 8 10 | 10.0
Fighting       | 1 3 5 6 7 |  7.3
Air Magic      | 1 3 4 5 |  5.0
Shapeshifting  | 2 3 4 5 |  5.5
Necromancy     | 2 4 5 |  5.4
Earth Magic    | |  0.5

Action                     |  1- 3 |  4- 6 |  7- 9 | 10-12 || total
---------------------------+-------+-------+-------+-------++-------
  Melee: Unarmed           |    44 |    61 |    50 |    19 ||   174
         Bite              |     5 |     3 |     8 |     4 ||    20
   Cast: Summon Small Mamm |    19 |       |       |       ||    19
         Call Canine Famil |     5 |    24 |    23 |       ||    52
         Summon Blazeheart |       |     1 |    24 |    76 ||   101
         Summon Lightning  |       |       |    29 |    38 ||    67
         Animate Dead      |       |       |       |     1 ||     1
         Swiftness         |       |       |       |     1 ||     1
    Use: Scroll            |     2 |       |    11 |       ||    13
         Potion            |       |       |     1 |     1 ||     2
   Stab: Sleeping          |       |     1 |       |       ||     1
         Distracted        |       |       |     2 |     1 ||     3
 Armour: Skin              |    19 |    53 |    60 |    55 ||   187
  Dodge: Dodged            |    51 |    92 |    99 |    90 ||   332

Table legend: (Time is in decaauts)
 A = Elapsed time spent in this place.
 B = Non-inter-level travel time spent in this place.
 C = Inter-level travel time spent in this place.
 D = Time resting spent in this place.
 E = Time spent auto-exploring this place.
 F = Levels seen in this place.
 G = Mean time per level.
                   A        B        C        D        E       F      G
               +--------+--------+--------+--------+--------+-----+--------+
         Total |  12903 |  12503 |    400 |   2375 |   6715 |  13 |  992.5 |
       Dungeon |   9070 |   8728 |    342 |   1213 |   5333 |   8 | 1133.8 |
        Temple |     49 |      0 |     49 |      0 |      0 |   1 |   49.0 |
          Lair |   2656 |   2647 |      9 |    595 |   1317 |   2 | 1328.0 |
        Bailey |    456 |    456 |      0 |    255 |     23 |   1 |  456.0 |
      Ice Cave |    669 |    669 |      0 |    312 |     41 |   1 |  669.0 |
               +--------+--------+--------+--------+--------+-----+--------+

Top non-repeatable levels by time:
     D:8: 1595 daAuts
  Lair:2: 1548 daAuts
     D:4: 1376 daAuts
     D:7: 1240 daAuts
     D:2: 1225 daAuts
  Lair:1: 1107 daAuts
     D:5: 1087 daAuts
     D:1: 1065 daAuts
     D:3: 800 daAuts
     D:6: 679 daAuts
   IceCv: 669 daAuts
  Bailey: 456 daAuts
  Temple: 49 daAuts
